 Seeded DCSS version 0.28-a0-1184-g53156a8862 (webtiles) character file.

Game seed: 12130800008223909736 (custom seed)

676 croobank the Shield-Bearer (level 7, 0/42 HPs)
             Began as an Octopode Earth Elementalist on Dec 18, 2021.
             Was an Initiate of Vehumet.
             Slain by a sky beast (6 damage)
             ... on level 5 of the Dungeon.
             The game lasted 00:23:32 (4008 turns).

croobank the Shield-Bearer (OpEE)                   Turns: 4008, Time: 00:23:33

Health: 0/42       AC:  1    Str:  8    XL:     7   Next: 60%
Magic:  9/11       EV: 13    Int: 19    God:    Vehumet [......]
Gold:   343        SH:  6    Dex: 12    Spells: 10/11 levels left

rFire   + . .      SeeInvis .   a - +0 hand axe
rCold   x . .      Faith    .   y - +1 buckler {rN+}
rNeg    + . .      Spirit   .   (helmet restricted)
rPois   .          Reflect  .   h - amulet of regeneration
rElec   .          Harm     .   d - ring of fire
rCorr   .          Rampage  .   (no ring)
Will    .....                   (no ring)
Stlth   ++++......              (no ring)
HPRegen 0.94/turn               (no ring)
MPRegen 0.12/turn               (no ring)
                                (no ring)
                                (no ring)

@: no status effects
A: almost no armour, amphibious, 8 rings, camouflage 1, gelatinous body 1,
(nimble swimmer 1), tentacles
a: Renounce Religion


You were on level 5 of the Dungeon.
You worshipped Vehumet.
Vehumet was noncommittal.
You visited 2 branches of the dungeon, and saw 7 of its levels.

You collected 343 gold pieces.

Inventory:

Hand Weapons
 a - a +0 hand axe (weapon)
 b - a +0 vorpal hunting sling
 i - a +0 long sword
 s - a +1 short sword of speed
Missiles
 c - 10 poisoned darts
 g - 2 atropa-tipped darts
 m - 33 stones
 p - 11 sling bullets
 r - 5 curare-tipped darts (quivered)
 u - a boomerang
 z - a throwing net
Armour
 y - a +1 buckler of positive energy (worn)
Magical Staves
 l - a staff of cold
 w - a staff of conjuration
Jewellery
 d - a ring of fire (left tentacle)
 h - an amulet of regeneration (around mantle)
Wands
 v - a wand of iceblast (7)
Scrolls
 e - 3 scrolls of identify {identify}
 j - 3 scrolls of acquirement {acquisition}
 k - 3 scrolls of enchant armour {enchant armour, unknown}
 n - a scroll of summoning {summoning, unknown}
 o - 2 scrolls of immolation {immolation, unknown}
 t - a scroll of enchant weapon {enchant weapon, unknown}
 x - 3 scrolls of teleportation {teleportation, unknown}
 A - 2 scrolls of fog {og, unknown}
Potions
 f - a potion of flight {flight, unknown}
 B - a potion of attraction {attraction, unknown}


   Skills:
 - Level 0.6 Fighting
 + Level 1.9 Axes
 - Level 2.3 Dodging
 - Level 4.4 Stealth
 - Level 5.7 Shields
 + Level 2.7 Spellcasting
 * Level 1.0 Transmutations
 + Level 4.3 Earth Magic


You had 10 spell levels left.
You knew the following spells:

 Your Spells              Type           Power      Damage    Failure   Level
a - Sandblast             Erth           38%        2d10      2%          1

Your spell library contained the following spells:

 Spells                   Type           Power      Damage    Failure   Level
 Passwall                 Tmut/Erth      10%        N/A       8%          2
 Animate Skeleton         Necr           4%         N/A       16%         1
 Apportation              Tloc           4%         N/A       16%         1
 Summon Small Mammal      Summ           8%         N/A       16%         1
 Stone Arrow              Conj/Erth      20%        3d8       19%         3
 Petrify                  Tmut/Erth      12%        N/A       45%         4
 Alistair's Intoxication  Tmut/Pois      2%         N/A       98%         5


Dungeon Overview and Level Annotations

Branches:
Dungeon (6/15)             Temple (1/1) D:4

Altars:
Ashenzari
Cheibriados
Dithmenos
Elyvilon
Fedhas
Gozag
Hepliaklqana
Kikubaaqudgha
Makhleb
Nemelex Xobeh
Okawaru
Qazlal
Trog
Uskayaw
Vehumet
Wu Jian
Xom
Zin
The Shining One

Shops:
D:6 *

Annotations:
D:6 Eustachio


Innate Abilities, Weirdness & Mutations

You cannot wear most types of armour.
You are amphibious.
You can wear up to eight rings at the same time.
Your skin changes colour to match your surroundings (Stealth+).
Your rubbery body absorbs attacks. (AC +1, EV +1)
((You are camouflaged near water. (Stealth+)))
You have tentacles for arms and can constrict up to eight enemies at once.


Message History

Press: ? - help, Shift-Dir - straight line The blast of sand hits something.
m - 35 stones Something hits you.
Something shocks you.
* * * LOW HITPOINT WARNING * * *
A sky beast appears from thin air!
Reactivating autopickup.
Casting: Sandblast (safe; 2% risk of failure)
Confirm with . or Enter, or press ? or * to list all spells.
Aiming: Sandblast (safe; 2% risk of failure)
Press: ? - help, Shift-Dir - straight line, f - sky beast
Aim: a sky beast (lightly wounded, 71% to hit)
The blast of sand hits the sky beast.
The sky beast is moderately wounded.
m - 34 stones The sky beast hits you.
The sky beast shocks you.
Casting: Sandblast (safe; 2% risk of failure)
Confirm with . or Enter, or press ? or * to list all spells.
Aiming: Sandblast (safe; 2% risk of failure)
Press: ? - help, Shift-Dir - straight line, f/p - sky beast
Aim: a sky beast (moderately wounded, 71% to hit)
The blast of sand hits the sky beast!
The sky beast is severely wounded.
m - 33 stones The sky beast hits you but does no damage.
You hit the sky beast. Your squeeze misses the sky beast.
The sky beast is almost dead.
The sky beast flickers out of sight!
Deactivating autopickup; reactivate with Ctrl-A.
Something hits you. Something shocks you.
You hit something but do no damage.
A sky beast appears from thin air!
Reactivating autopickup.
The sky beast hits you. The sky beast shocks you.
* * * LOW HITPOINT WARNING * * *
You barely miss the sky beast.
The sky beast is almost dead.
The sky beast hits you.
* * * LOW HITPOINT WARNING * * *
The sky beast shocks you.
You die...

#..........#.## #....#
#..........#.# #.####
#..........#.# ##.#
#######......########..#
#)####.......##.## #.#
#.#####....### #.# #.#
###..[.###
#.####.######...#....
#...@#.#.............
####.Y.#ยง#####.......
###...............##
#.......#####.....##
####..### #(......
#...## ######## ###.#..#
##...##.## # #..####..#
#


You could see a sky beast.

Vanquished Creatures
  Sigmund (D:5)
  Pargi (D:3)
  A sky beast (D:4)
  A black bear (D:4)
  A gnoll shaman (D:5)
  Jessica (D:3)
  A hound zombie (D:5)
  8 gnolls
  3 adders
  An ufetubus (D:5)
  An adder zombie (D:5)
  2 worms
  4 dart slugs
  2 orcs (D:3)
  3 endoplasms (D:1)
  2 giant cockroaches
  5 hobgoblins
  4 kobolds
  3 quokkas
  2 ball pythons (D:2)
  3 bats
  2 frilled lizards
  4 goblins
  3 rats
59 creatures vanquished.

Vanquished Creatures (others)
  A plant (D:3)
1 creature vanquished.

Grand Total: 60 creatures vanquished

Notes
Turn   | Place    | Note
-------+----------+-------------------------------------------
     0 | D:1      | croobank the Octopode Earth Elementalist began the quest
                  | for the Orb.
     0 | D:1      | Reached XP level 1. HP: 11/11 MP: 3/3
   218 | D:1      | Reached XP level 2. HP: 13/17 MP: 5/5
   873 | D:2      | Reached XP level 3. HP: 21/21 MP: 6/6
  1621 | D:3      | Noticed Pargi
  1637 | D:3      | Killed Pargi
  1638 | D:3      | Reached skill level 1 in Axes
  1638 | D:3      | Reached XP level 4. HP: 20/27 MP: 0/7
  1638 | D:3      | Reached XP level 5. HP: 24/32 MP: 0/8
  1881 | D:3      | Noticed Jessica
  1886 | D:3      | Killed Jessica
  2630 | D:4      | Found a staircase to the Ecumenical Temple.
  2636 | Temple   | Entered the Ecumenical Temple
  2651 | Temple   | Became a worshipper of Vehumet
  2893 | D:4      | Identified 4 scrolls of acquirement {acquisition}
  2893 | D:4      | Acquired a +1 buckler of positive energy
  2924 | D:4      | Reached skill level 1 in Shields
  2976 | D:4      | Noticed a black bear
  2979 | D:4      | Killed a black bear
  2980 | D:4      | Reached skill level 2 in Shields
  2980 | D:4      | Reached XP level 6. HP: 37/37 MP: 8/10
  3233 | D:4      | Found a white marble altar of Elyvilon.
  3405 | D:5      | Entered Level 5 of the Dungeon
  3421 | D:5      | Reached skill level 3 in Shields
  3455 | D:5      | Noticed a sky beast
  3498 | D:4      | Killed a sky beast
  3545 | D:5      | Reached skill level 4 in Shields
  3636 | D:5      | Reached XP level 7. HP: 40/42 MP: 7/11
  3785 | D:5      | Noticed Sigmund
  3795 | D:5      | Killed Sigmund
  3796 | D:5      | Reached skill level 5 in Shields
  3971 | D:6      | Noticed Eustachio
  3971 | D:6      | Found Wetiomp's General Store.
  4008 | D:5      | Slain by a sky beast

Illustrated notes

Levels and vault maps discovered:
D:1:      minmay_arrival_checkered_box, layout_basic, minmay_pentomino_q2
D:2:      layout_loops_cross
D:3:      layout_loops_corners, serial_bayou, serial_bayou_pond_c,
          serial_bayou_lagoon_b, serial_bayou_pond_c, serial_bayou_pond_e,
          uniq_pargi, uniq_jessica
D:4:      layout_basic, marbit_many_paths, minmay_temple_entry_enclosed_plants,
          hex_intersection
D:5:      layout_rooms, uniq_sigmund
D:6:      layout_rooms, serial_shops, shop, nicolae_diamond_shop,
          nicolae_shop_advertising_works [nicolae_subvault_shop_adworks], shop,
          chequers_serial_rivers_micro_a, uniq_eustachio
Temple:   mainiacjoe_temple_coin_purse

Skill      XL: |  1  2  3  4  5  6  7 |
---------------+----------------------+-----
Stealth        | 3 4 |  4.4
Axes           | 1 |  1.9
Earth Magic    | 4 |  4.3
Shields        | 2 4 5 |  5.7
Fighting       | |  0.6
Dodging        | |  2.3
Spellcasting   | |  2.7
Transmutations | |  1.0

Action                   |  1- 3 |  4- 6 |  7- 9 || total
-------------------------+-------+-------+-------++-------
Melee: Hand axe          |    47 |    32 |    41 ||   120
       Constrict         |    16 |     8 |     6 ||    30
       Tentacles         |     8 |     3 |    10 ||    21
Throw: Dart              |       |     3 |     2 ||     5
 Cast: Sandblast         |    19 |    28 |     6 ||    53
  Use: Scroll            |     1 |     3 |       ||     4
       Potion            |       |       |     2 ||     2
 Stab: Sleeping          |     7 |     2 |       ||     9
Armor: Skin              |     2 |     1 |     5 ||     8
Dodge: Dodged            |    46 |    27 |    21 ||    94
Block: Buckler           |       |       |     9 ||     9

Table legend: (Time is in decaauts)
 A = Elapsed time spent in this place.
 B = Non-inter-level travel time spent in this place.
 C = Inter-level travel time spent in this place.
 D = Time resting spent in this place.
 E = Time spent auto-exploring this place.
 F = Levels seen in this place.
 G = Mean time per level.
                   A        B        C        D        E       F      G
               +--------+--------+--------+--------+--------+-----+--------+
         Total |   4044 |   3943 |    101 |     65 |   2981 |   7 |  577.7 |
       Dungeon |   3959 |   3870 |     89 |     65 |   2930 |   6 |  659.8 |
        Temple |     85 |     73 |     12 |      0 |     51 |   1 |   85.0 |
               +--------+--------+--------+--------+--------+-----+--------+

Top non-repeatable levels by time:
     D:3: 951 daAuts
     D:1: 858 daAuts
     D:4: 815 daAuts
     D:2: 774 daAuts
     D:5: 554 daAuts
  Temple: 85 daAuts
     D:6: 4 daAuts
